 Dungeon Crawl Stone Soup version 0.22-a0-135-g6f012ad (webtiles) character file.

104 mortelune the Skirmisher (level 4, -2/37 HPs)
             Began as a Demonspawn Wanderer on Feb 1, 2018.
             Slain by a hornet (11 damage)
             ... while paralysed by a hornet
             ... on level 3 of the Dungeon on Feb 2, 2018.
             The game lasted 00:08:36 (2444 turns).

mortelune the Skirmisher (Demonspawn Wanderer)      Turns: 2444, Time: 00:08:37

Health: -2/37      AC:  7    Str: 15    XL:     4   Next: 52%
Magic:  4/4        EV:  2    Int: 14    God:
Gold:   93         SH:  0    Dex: 10    Spells: 3/3 levels left

rFire    + . .     SeeInvis .   c - +0 spear
rCold    + . .     Gourm    .   a - +0 shield
rNeg     . . .     Faith    .   x - +0 ring mail
rPois    .         Spirit   .   (helmet restricted)
rElec    .         Reflect  +   k - scarf {rC+ rF+}
rCorr    .         Harm     .   (no gloves)
MR       .....     Rnd*Rage +   (no boots)
Stlth    +.........             n - +6 amulet of reflection
HPRegen  0.12/turn              (no ring)
MPRegen  0.09/turn              (no ring)

@: paralysed, lethally poisoned (-2 -> -11)
A: antennae 1, talons 1, molten scales 1, berserk 1
a: no special abilities


You were on level 3 of the Dungeon.
You were not hungry.

You visited 1 branch of the dungeon, and saw 3 of its levels.

You collected 93 gold pieces.

Inventory:

Hand Weapons
 b - a +0 falchion
 c - a +0 spear (weapon)
 e - a +0 dagger
 u - a +0 whip of holy wrath
Armour
 a - a +0 shield (worn)
 d - a +0 robe
 i - a +0 helmet
 k - a scarf of resistance (worn)
 l - a +1 leather armour of positive energy
 o - a +0 leather armour
 x - a +0 ring mail (worn)
Jewellery
 n - a +6 amulet of reflection (around neck)
Scrolls
 h - a scroll of fear {unknown}
 j - 6 scrolls of identify {unknown}
 m - 2 scrolls of teleportation {unknown}
 q - a scroll of enchant weapon {unknown}
 r - 2 scrolls of remove curse {unknown}
 s - a scroll of enchant armour {unknown}
 w - a scroll of fog {unknown}
Comestibles
 f - 4 rations


   Skills:
 + Level 3.6 Fighting
 - Level 1.1 Long Blades
 * Level 3.0 Polearms
   Level 1.7 Bows
 - Level 1.7 Stealth
 + Level 2.1 Shields


You had 3 spell levels left.
You didn't know any spells.

Dungeon Overview and Level Annotations

Branches:
Dungeon (3/15)

Altars:
Yredelemnul


Innate Abilities, Weirdness & Mutations

You have a pair of small antennae on your head.
You are partially covered in molten scales. (AC +2)
You have sharp toenails.
You tend to lose your temper in combat.


Message History

Your shield prevents you from hitting the hornet.
The hornet is heavily wounded.
You block the hornet's attack. The hornet barely misses you.
You block the rat's attack. The hornet barely misses you.
You block the hornet's attack. You block the rat's attack.
You feel yourself speed up. You block the hornet's attack.
You closely miss the hornet. Your kick misses the hornet.
The hornet is heavily wounded.
The hornet closely misses you. You block the hornet's attack.
Your shield prevents you from hitting the hornet.
Your kick misses the hornet.
The hornet is heavily wounded.
The hornet stings you.
* * * LOW HITPOINT WARNING * * *
You are lethally poisoned!
You suddenly lose the ability to move!
* * * LOW HITPOINT WARNING * * *
You feel sick. The hornet stings you!
You die...

..##........#.###.#
...........#.....# ....
..............####
.=.................#
........####.####..#
......#.##....(##..#
......#.#[......#..#
......#g#......[#..#
.......Sy@.._......#
.≈≈≈≈≈........r#.......#..#
.≈≈≈≈≈.......#.#.......#..#
.≈≈≈≈≈.......#†##.....##.##
...........[...####.####.#
.........................#
....# ..........#########
....# ..........# ....#
##........#


You could see a hornet, an adder, a goblin and a rat.

Vanquished Creatures
  A gnoll (D:1)
  6 adders
  A worm (D:3)
  2 dart slugs
  2 leopard geckos
  A giant cockroach (D:1)
  5 goblins
  3 jackals (D:3)
  5 kobolds
  4 bats
  3 rats (D:1)
33 creatures vanquished.

Vanquished Creatures (others)
  A kobold (D:2)
1 creature vanquished.

Grand Total: 34 creatures vanquished

Notes
Turn   | Place    | Note
-------+----------+-------------------------------------------
     0 | D:1      | mortelune the Demonspawn Wanderer began the quest for the Orb.
     0 | D:1      | mortelune set off with: a +0 shield, a +0 falchion, a +0 spear, a +0 robe, a +0 dagger, a ration
     0 | D:1      | Reached XP level 1. HP: 18/18 MP: 1/1
   320 | D:1      | Reached skill level 1 in Long Blades
   320 | D:1      | Gained mutation: You are partially covered in molten scales. (AC +2) [demonic ancestry]
   320 | D:1      | Reached XP level 2. HP: 24/24 MP: 2/2
   955 | D:1      | Reached XP level 3. HP: 29/29 MP: 3/3
  1950 | D:2      | Noticed a phantom
  1967 | D:3      | Noticed a hornet
  2157 | D:3      | Gained mutation: You have a pair of small antennae on your head. [demonic ancestry]
  2157 | D:3      | Reached XP level 4. HP: 35/35 MP: 4/4
  2172 | D:3      | Found a basalt altar of Yredelemnul.
  2209 | D:3      | Gained mutation: You tend to lose your temper in combat. [potion of mutation]
  2209 | D:3      | Gained mutation: You have sharp toenails. [potion of mutation]
  2443 | D:3      | Paralysed by a hornet for 3 turns
  2444 | D:3      | Slain by a hornet

Vault maps used:
D:1:      kennysheep_arrival_seaside
D:2:      first_ration
D:3:      nicolae_gozag_zags_fifth_avenue, old_standard_altar,
          nemelex_altar_shiori, minivault_14

Skill      XL: |  1  2  3  4 |
---------------+-------------+-----
Long Blades    | 1 |  1.1
Polearms       | 2 3 |  3.0
Shields        | 2 |  2.1
Fighting       | |  3.6
Bows           | |  1.7
Stealth        | |  1.7

Action                   |  1- 3 |  4- 6 || total
-------------------------+-------+-------++-------
Melee: Spear             |   123 |    56 ||   179
       Kick              |       |     9 ||     9
  Use: Potion            |       |     3 ||     3
 Stab: Sleeping          |     3 |       ||     3
  Eat: Chunk             |     4 |     1 ||     5
Armor: Robe              |     1 |       ||     1
       Leather armour    |    30 |       ||    30
       Ring mail         |     6 |    40 ||    46
Dodge: Dodged            |    23 |    29 ||    52
Block: Shield            |    70 |    93 ||   163
       Reflection        |     3 |       ||     3

Table legend:
 A = Spawn XP
 B = Non-spawn XP
 C = Spawn XP percentage of total XP
 D = Spawn monster count
 E = Non-spawn monster count
 F = Spawn count percentage of total count
 G = Total turns spent on level
                    A         B        C        D         E        F      G
               +---------+---------+-------+---------+---------+-------+---------
         Total |       0 |     149 |   0.0 |       0 |      34 |   0.0 |  2444
               +---------+---------+-------+---------+---------+-------+---------
           D:1 |       0 |      42 |   0.0 |       0 |      16 |   0.0 |  1418
           D:2 |       0 |      54 |   0.0 |       0 |      10 |   0.0 |   855
           D:3 |       0 |      53 |   0.0 |       0 |       8 |   0.0 |   171
               +---------+---------+-------+---------+---------+-------+---------
